 Dungeon Crawl Stone Soup version 0.31.0-11-ge490571c62 (webtiles) character file.

Game seed: 17880788276640706827

632 hawla the Grasshopper (level 7, -19/36 HPs)
             Began as a Deep Elf Conjurer on Feb 4, 2024.
             Demolished by an ogre
             ... wielding a +0 giant spiked club
              (29 damage)
             ... on level 5 of the Dungeon.
             The game lasted 00:18:08 (5420 turns).

hawla the Grasshopper (Deep Elf Conjurer)           Turns: 5420, Time: 00:18:09

Health: -19/36     AC:  7    Str: 10    XL:     7   Next: 24%
Magic:  15/15      EV: 12    Int: 25    God:
Gold:   460        SH:  0    Dex: 13    Spells: 1/14 levels left

rFire   . . .        B - +3 glaive (venom)
rCold   . . .        (shield currently unavailable)
rNeg    + . .        r - +2 robe of Ignis's Grace {rN+}
rPois   .            (no helmet)
rElec   .            (no cloak)
rCorr   .            f - +2 pair of gloves
SInv    .            (no boots)
Will    .....        (no amulet)
Stlth   ++           h - +6 ring of strength
HPRegen 0.26/turn    (no ring)
MPRegen 0.14/turn

%: no passive effects
@: no status effects
A: no striking features
a: no special abilities


You were on level 5 of the Dungeon.
You visited 1 branch of the dungeon, and saw 5 of its levels.
You also visited: Ossuary.

You collected 581 gold pieces.
You spent 121 gold pieces at shops.

Inventory:

Hand Weapons
 B - a +3 glaive of venom (weapon)
Missiles
 d - 3 poisoned darts (quivered)
 g - 5 curare-tipped darts
Armour
 f - a +2 pair of gloves (worn)
 r - the +2 robe of Ignis's Grace (worn) {rN+}
   (You found it on level 2 of the Dungeon)

   rN+:       It protects you from negative energy.
Jewellery
 h - a +6 ring of strength (left hand)
 p - a ring of resist corrosion
Wands
 z - a wand of charming (8)
 A - a wand of polymorph (11)
Scrolls
 a - a scroll of vulnerability
 c - 3 scrolls of poison
 j - a scroll of amnesia
 q - a scroll of fog
 u - 3 scrolls of teleportation
 y - a scroll of enchant armour
Potions
 b - a potion of magic
 e - a potion of might {unknown}
 i - 2 potions of haste
 k - a potion of heal wounds
 n - a potion of resistance
 o - a potion of invisibility {unknown}
 s - 2 potions of curing
 v - a potion of ambrosia {unknown}
 w - a potion of attraction {unknown}
 x - 2 potions of berserk rage {unknown}
 C - a potion of brilliance {unknown}


   Skills:
 - Level 4.8 Throwing
 - Level 2.4 Dodging
 - Level 2.4 Stealth
 - Level 4.3 Spellcasting
 - Level 4.6 Conjurations
 + Level 5.6 Translocations


You had one spell level left.
You knew the following spells:

 Your Spells              Type           Power      Damage    Failure   Level
a - Magic Dart            Conj           100%       1d8       1%          1
b - Searing Ray           Conj           56%        2d6       1%          2
c - Iskenderun's Mystic   Conj/Tloc      31%        2d8       11%         4
d - Dispersal             Tloc           16%        N/A       78%         6

Your spell library contained the following spells:

 Spells                   Type           Power      Damage    Failure   Level
 Gell's Gravitas          Tloc           33%        N/A       2%          3
 Teleport Other           Tloc           33%        N/A       2%          3
 Volatile Blastmotes      Fire/Tloc      38%        2d13      9%          3
 Call Imp                 Summ           10%        N/A       14%         2
 Ensorcelled Hibernation  Hex/Ice        10%        N/A       14%         2
 Sublimation of Blood     Necr           5%         N/A       14%         2
 Passwall                 Erth           5%         N/A       26%         3
 Swiftness                Air            5%         N/A       26%         3
 Fulminant Prism          Conj/Alch      8%         3d7       34%         4
 Summon Cactus Giant      Summ           2%         N/A       100%        6
 Summon Hydra             Summ           2%         N/A       100%        7


Dungeon Overview and Level Annotations

Branches:
Dungeon (5/15)            Ossuary (visited)
 Temple: D:4-7

Altars:
Ashenzari

Shops:
D:3 !


Message History

Things that are here:
a +0 trident; an orc corpse
u - 3 scrolls of teleportation (gained 1)
Found a broken altar of Ashenzari.
Found a leather armour.
No target in view!
A hound comes into view.
You reach to attack!
The hound barks!
You slash the hound!
The hound is poisoned.
The hound is severely wounded.
You hear a shout!
The hound barely misses you.
You completely miss the hound.
The hound is severely wounded.
The hound bites you but does no damage. The hound bites you. x2
You closely miss the hound.
The hound is heavily wounded.
The hound bites you but does no damage. The hound bites you.
The ogre closely misses you. The hound bites you but does no damage.
You barely miss the hound.
The hound is heavily wounded.
The hound bites you. The hound bites you but does no damage.
The ogre barely misses you.
You slash the hound!
You kill the hound!
The ogre barely misses you.
You hit the ogre.
The ogre is lightly wounded.
The ogre barely misses you.
You slash the ogre!
The ogre is poisoned.
The ogre is moderately wounded.
The ogre hits you with a +0 giant spiked club!!
Ouch! That really hurt!
* * * LOW HITPOINT WARNING * * *
You are too injured to fight recklessly!
Okay, then.
The ogre hits you with a +0 giant spiked club!!
Ouch! That really hurt!
You die...

#.#####.............. ....##..
#...#.......####..### ######.#
#..................# #.#
#..<#.......####...# #.#
#..####.............. #.# #..#
#...###......## #.# #..######.#
#.##.#.# #.# ###.........#
#.##.#.# #.#####.#
....#######.###.@....####........
###.## #..O......########.# #...#
#.#######.########.# ##(#.#
#....#....$#..........# ...#..(
####.#...$.#..######### .#####.#
#.+.._$$#..# ( .# #.#..$$.#..# #
# #.#.....#..# ..#######..#


You could see an ogre (very poisoned).

Vanquished Creatures
  A bombardier beetle (D:3)
  2 hounds (D:5)
  A jelly (D:5)
  A sleepcap (D:5)
  2 iguanas
  5 orc wizards
  2 hound zombies (D:4)
  8 mummies (Ossuary)
  3 gnolls (D:3)
  4 adders
  A white imp (D:3)
  2 adder skeletons (D:4)
  An adder zombie (D:4)
  3 dart slugs
  2 ribbon worms (D:3)
  10 orcs
  9 ball pythons
  6 endoplasms
  2 giant cockroaches
  6 hobgoblins
  6 kobolds
  2 quokkas (D:2)
  8 bats
  3 frilled lizards
  2 gnoll zombies (Ossuary)
  6 goblins
  2 hobgoblin zombies (Ossuary)
  3 kobold zombies (Ossuary)
  An orc zombie (Ossuary)
  5 rats
109 creatures vanquished.

Notes
Turn   | Place    | Note
-------+----------+-------------------------------------------
     0 | D:1      | hawla the Deep Elf Conjurer began the quest for the Orb.
     0 | D:1      | Reached XP level 1. HP: 10/10 MP: 6/6
   263 | D:1      | Reached XP level 2. HP: 15/15 MP: 5/9
   591 | D:1      | Learned a level 2 spell: Searing Ray
   660 | D:1      | Reached skill level 1 in Translocations
  1159 | D:2      | Reached XP level 3. HP: 19/19 MP: 5/10
  1369 | D:2      | Reached skill level 2 in Translocations
  2029 | D:2      | Found a faded altar of an unknown god.
  2117 | D:2      | Identified the +2 robe of Ignis's Grace {rN+}
  2259 | D:3      | Reached skill level 3 in Translocations
  2264 | D:3      | Reached XP level 4. HP: 13/24 MP: 1/12
  2265 | D:3      | Reached skill level 1 in Throwing
  2425 | D:3      | Learned a level 4 spell: Iskenderun's Mystic Blast
  2693 | D:3      | Reached XP level 5. HP: 17/28 MP: 7/13
  2806 | D:3      | Found Hobiette's Distillery.
  2812 | D:3      | Bought a potion of curing for 33 gold pieces
  2812 | D:3      | Bought a potion of heal wounds for 55 gold pieces
  2812 | D:3      | Bought a potion of lignification for 33 gold pieces
  3756 | D:4      | Got Siritioq's Compendium of Planar Attendants
  3809 | D:4      | Reached XP level 6. HP: 29/32 MP: 6/14
  3854 | D:4      | Found a sand-covered staircase.
  3864 | Ossuary  | Entered an ossuary
  4105 | Ossuary  | Learned a level 6 spell: Dispersal
  4636 | D:4      | Reached skill level 4 in Translocations
  5072 | D:5      | Entered Level 5 of the Dungeon
  5217 | D:5      | Reached skill level 5 in Translocations
  5217 | D:5      | Reached XP level 7. HP: 21/36 MP: 15/15
  5403 | D:5      | Found a broken altar of Ashenzari.
  5420 | D:5      | Demolished by an ogre

Illustrated notes

Levels and vault maps discovered:
D:1:      dpeg_arrival_connections, layout_basic, solitary_fountain
D:2:      kennysheep_six_static_rooms, layout_loops_cross,
          shapermc_ecumenical_altar_starsandcircs
D:3:      layout_loops_ring, serial_shops, shop_statue,
          cheibrodos_sewer_entry_sluice
D:4:      layout_basic, mainiacjoe_ossuary_entry_find_the_door,
          corexii_leaking_fountain, chequers_avenue
D:5:      layout_loops_ring, amcnicky_altar_gilded

Skill      XL: |  1  2  3  4  5  6 |
---------------+-------------------+-----
Spellcasting   | 4 |  4.3
Translocations | 1 3 5 |  5.6
Throwing       | 3 4 |  4.8
Dodging        | |  2.4
Stealth        | |  2.4
Conjurations   | |  4.6

Action                     |  1- 3 |  4- 6 |  7- 9 || total
---------------------------+-------+-------+-------++-------
  Melee: Unarmed           |     6 |    43 |       ||    49
         Glaive            |       |    13 |    20 ||    33
   Cast: Magic Dart        |    47 |    42 |       ||    89
         Searing Ray       |    19 |    37 |       ||    56
         Iskenderun's Myst |       |     3 |       ||     3
    Use: Scroll            |    10 |     8 |       ||    18
         Potion            |       |     6 |       ||     6
   Stab: Sleeping          |       |     1 |       ||     1
         Distracted        |       |     1 |       ||     1
 Armour: Robe              |    11 |    59 |    20 ||    90
         Skin              |       |   121 |       ||   121
  Dodge: Dodged            |    12 |    69 |    14 ||    95
